 Dungeon Crawl Stone Soup version 0.28-a0-1429-gf3d713df7a (webtiles) character file.

Game seed: 12723238567949685512

58 skittles the Conjurer (level 3, -1/27 HPs)
             Began as a Draconian Conjurer on Jan 8, 2022.
             Slain by Robin (2 damage)
             ... on level 2 of the Dungeon.
             The game lasted 00:04:30 (1378 turns).

skittles the Conjurer (Draconian Conjurer)          Turns: 1378, Time: 00:04:31

Health: -1/27      AC:  5    Str:  9    XL:     3   Next: 76%
Magic:  3/6        EV: 12    Int: 20    God:
Gold:   45         SH:  0    Dex:  9    Spells: 3/6 levels left

rFire   . . .      SeeInvis .   d - +0 dagger (freeze)
rCold   . . .      Faith    .   (no shield)
rNeg    . . .      Spirit   .   (armour unavailable)
rPois   .          Reflect  .   (helmet restricted)
rElec   .          Harm     .   (no cloak)
rCorr   .          Rampage  .   (no gloves)
Will    .....                   (no boots)
Stlth   +.........              (no amulet)
HPRegen 0.09/turn               (no ring)
MPRegen 0.10/turn               (no ring)

@: silenced
A: AC +5, unfitting armour, cold-blooded
a: no special abilities


You were on level 2 of the Dungeon.
You visited 1 branch of the dungeon, and saw 2 of its levels.

You collected 45 gold pieces.

Inventory:

Hand Weapons
 a - a +0 dagger
 d - a +0 dagger of freezing (weapon)
Scrolls
 c - a scroll of magic mapping {unknown}


   Skills:
 - Level 0.9 Fighting
 * Level 1.0 Short Blades
 + Level 1.9 Dodging
 - Level 1.7 Stealth
 * Level 2.2 Spellcasting
 - Level 5.0 Conjurations


You had 3 spell levels left.
You knew the following spells:

 Your Spells              Type           Power      Damage    Failure   Level
a - Magic Dart            Conj           88%        1d7       1%          1
b - Searing Ray           Conj           44%        2d6       3%          2

Your spell library contained the following spells:

 Spells                   Type           Power      Damage    Failure   Level
 Dazzling Flash           Conj/Hex       24%        N/A       17%         3
 Call Imp                 Summ           2%         N/A       24%         2
 Mephitic Cloud           Conj/Pois/Air  8%         N/A       24%         3
 Fulminant Prism          Conj/Hex       6%         3d7       50%         4
 Iskenderun's Mystic Bla  Conj/Tloc      12%        2d5       50%         4


Dungeon Overview and Level Annotations

Branches:
Dungeon (2/15)

Altars:

Annotations:
D:2 Robin


Innate Abilities, Weirdness & Mutations

Your plain brown scales are hard. (AC +5)
You cannot fit into any form of body armour.
You are cold-blooded and may be slowed by cold attacks.


Message History

* * * LOW HITPOINT WARNING * * *
You hit Robin. You freeze Robin.
Robin is lightly wounded.
The goblin hits you but does no damage. Robin hits you with a +0 club.
* * * LOW HITPOINT WARNING * * *
You aren't carrying any potions.
Unknown command.
As you read the scroll labelled BUIMAMPI YDUY, it crumbles to dust.
A profound silence engulfs you.
It was a scroll of silence.
The goblin hits you but does no damage.
Magic scrolls do not work when you're silenced!
You hit Robin. You freeze Robin.
Robin is moderately wounded.
The goblin hits you but does no damage. Robin hits you but does no damage.
You hit Robin but do no damage. You tail-slap Robin.
Robin is moderately wounded.
The goblin hits you but does no damage. Robin barely misses you.
You barely miss Robin. You tail-slap Robin, but do no damage.
Robin is moderately wounded.
The goblin hits you with a +0 club.
* * * LOW HITPOINT WARNING * * *
Robin hits you with a +0 club.
* * * LOW HITPOINT WARNING * * *
You hit Robin. You freeze Robin.
Robin is heavily wounded.
The goblin closely misses you.
You hit Robin but do no damage.
Robin is heavily wounded.
The goblin barely misses you. Robin closely misses you.
You barely miss Robin.
Robin is heavily wounded.
The goblin hits you with a +0 club.
* * * LOW HITPOINT WARNING * * *
You barely miss Robin.
Robin is heavily wounded.
The goblin barely misses you.
You hit Robin but do no damage.
Robin is heavily wounded.
Robin hits you with a +0 club.
You die...

#...............##.#
...........###.#...#
.....##.#### #...###
.## #..# ...##
###.## #.#.# ##...#
.. .# #..### ..
###g## #gg@#
..>...B### #..
#..)).# #. #.)### ##
## # ###### #.#
#..... #.# #.####
#.# #####.#


You could see Robin, a giant cockroach, a hobgoblin (strong) and a goblin
(strong).

Vanquished Creatures
  2 adders (D:2)
  2 dart slugs (D:2)
  2 endoplasms (D:1)
  A giant cockroach (D:2)
  10 goblins
  3 hobgoblins
  4 kobolds
  4 ball pythons (D:1)
  3 bats
  A frilled lizard (D:2)
  A rat (D:1)
33 creatures vanquished.

Notes
Turn   | Place    | Note
-------+----------+-------------------------------------------
     0 | D:1      | skittles the Draconian Conjurer began the quest for the
                  | Orb.
     0 | D:1      | Reached XP level 1. HP: 14/14 MP: 3/3
   364 | D:1      | Reached XP level 2. HP: 20/20 MP: 1/5
   998 | D:2      | Reached XP level 3. HP: 27/27 MP: 1/6
  1080 | D:2      | Reached skill level 5 in Conjurations
  1083 | D:2      | Learned a level 2 spell: Searing Ray
  1340 | D:2      | Noticed Robin
  1361 | D:2      | Reached skill level 1 in Short Blades
  1376 | D:2      | HP: 1/27 [goblin[Robin] (2)]
  1378 | D:2      | Slain by Robin

Illustrated notes

Levels and vault maps discovered:
D:1:      scummos_arrival_star, layout_loops_ring
D:2:      cheibrodos_greedy_goblins, layout_rooms, uniq_robin

Skill      XL: |  1  2  3 |
---------------+----------+-----
Conjurations   | 5 |  5.0
Short Blades   | 1 |  1.0
Fighting       | |  0.9
Dodging        | |  1.9
Stealth        | |  1.7
Spellcasting   | |  2.2

Action                   || total
-------------------------++-------
Melee: Dagger            ||    40
       Tailslap          ||     5
       Punch             ||     1
 Cast: Magic Dart        ||    55
       Searing Ray       ||     1
  Use: Scroll            ||     3
       Potion            ||     2
Armor: Skin              ||    22
Dodge: Dodged            ||    32

Table legend: (Time is in decaauts)
 A = Elapsed time spent in this place.
 B = Non-inter-level travel time spent in this place.
 C = Inter-level travel time spent in this place.
 D = Time resting spent in this place.
 E = Time spent auto-exploring this place.
 F = Levels seen in this place.
 G = Mean time per level.
                   A        B        C        D        E       F      G
               +--------+--------+--------+--------+--------+-----+--------+
         Total |   1375 |   1336 |     39 |    153 |    980 |   2 |  687.5 |
       Dungeon |   1375 |   1336 |     39 |    153 |    980 |   2 |  687.5 |
               +--------+--------+--------+--------+--------+-----+--------+

Top non-repeatable levels by time:
     D:1: 874 daAuts
     D:2: 501 daAuts
